Map: Ulrena

Players

LiveZerg - Winner!

  • Race: Zerg Zerg
  • League: Master

Blackbirds

  • Race: Protoss Protoss
  • League: Master

Event: NationWars III

VOD

Have the link to the VOD?

Description

Time

  • Played on: Nov. 21, 2015, 12:17 p.m.
  • Length: 8:13
Show
View Real Time Build Order
Export as new Build Order

LiveZerg Zerg - Winner!

Build Orders: Hatch First 

Get SALT Encoding   

  12  0:00  Drone  
  13  0:12  Overlord  
  13  0:17  Drone  
  14  0:30  Drone  
  14  0:31  Drone  
  14  0:35  Drone  
  17  0:53  Hatchery  
  17  0:55  Drone  
  17  1:09  Spawning Pool  
  16  1:11  Drone  
  16  1:15  Drone  
  18  1:19  Drone  
  19  1:42  Hatchery  
  19  1:46  Drone x2  
  20  1:56  Queen  
  22  2:04  Queen  
  22  2:06  Zergling x2  
  25  2:11  Overlord  
  25  2:20  Drone x3  
  28  2:31  Queen  
  28  2:35  Drone x2  
  32  2:38  Overlord  
  32  2:40  Drone  
  33  2:46  Zergling x2  
  33  2:48  Zergling x2  
  35  2:56  Drone x2  
  37  3:04  Drone x4  
  37  3:05  Drone  
  40  3:13  Drone  
  40  3:15  Drone x4  
  40  3:16  Extractor  
  40  3:17  Drone, Extractor  
  44  3:21  Overlord  
  44  3:22  Drone  
  45  3:28  Drone  
  45  3:29  Drone  
  46  3:36  Zergling x2  
  46  3:41  Spore Crawler x2  
  46  3:42  Spore Crawler  
  46  3:47  Zergling x4  
  46  3:48  Drone x5  
  48  4:05  Drone x6  
  48  4:09  Metabolic Boost  
  53  4:16  Overlord  
  53  4:22  Drone x5  
  58  4:24  Overlord  
  58  4:38  Lair  
  57  4:40  Drone x5, Roach Warren  
  60  4:47  Drone x6  
  60  4:48  Drone x2  
  60  4:51  Extractor  
  60  4:52  Evolution Chamber  
  66  4:54  Overlord  
  66  4:55  Extractor  
  64  5:11  Drone x2, Extractor  
  65  5:14  Overlord  
  65  5:16  Drone x3  
  65  5:18  Overlord  
  68  5:22  Overlord  
  68  5:23  Zerg Missile Weapons Level 1  
  68  5:24  Overlord  
  68  5:28  Roach x5  
  78  5:30  Roach  
  80  5:35  Overlord  
  80  5:39  Hatchery  
  80  5:41  Glial Reconstitution  
  79  5:44  Drone x2  
  79  5:45  Roach x4  
  79  5:46  Roach  
  91  5:51  Extractor  
  91  5:55  Drone  
  91  5:56  Roach x2  
  91  5:57  Roach x2  
  99  5:59  Roach  
  99  6:00  Roach  
  103  6:09  Ravager x2  
  103  6:10  Overlord x2  
  103  6:11  Zergling x6  
  108  6:16  Roach, Zergling x4  
  108  6:17  Zergling x2  
  108  6:18  Ravager  
  114  6:20  Ravager  
  114  6:21  Zergling x2  
  114  6:22  Overlord  
  116  6:27  Ravager  
  116  6:29  Zergling x10  
  116  6:31  Ravager  
  123  6:35  Roach  
  123  6:39  Ravager  
  126  6:40  Ravager  
  126  6:41  Zergling x4  
  129  6:51  Queen  
  129  6:52  Roach x6  
  129  6:53  Zergling x4  
  143  7:06  Roach x2  
  143  7:07  Roach x3  
  136  7:16  Roach x5  
  136  7:18  Roach  
  136  7:19  Roach x2  
  145  7:29  Hydralisk Den  
  141  7:35  Roach x5  
  148  7:42  Roach x4  
  142  7:53  Roach x4  
  142  7:54  Zergling x2  
Show
View Real Time Build Order
Export as new Build Order

Blackbirds Protoss 

Build Orders: 1 Gate Expand, Oracle Opening 

Get SALT Encoding   

  12  0:02  Probe (Chrono Boost)  
  13  0:13  Probe (Chrono Boost)  
  14  0:20  Pylon  
  14  0:23  Probe (Chrono Boost)  
  15  0:38  Probe (Chrono Boost)  
  15  0:39  Gateway  
  16  0:42  Assimilator  
  16  0:49  Probe (Chrono Boost)  
  17  0:59  Probe (Chrono Boost)  
  18  1:10  Probe (Chrono Boost)  
  19  1:20  Probe (Chrono Boost)  
  20  1:27  Cybernetics Core  
  20  1:31  Probe (Chrono Boost)  
  21  1:40  Nexus  
  21  1:43  Probe (Chrono Boost)  
  22  1:53  Assimilator  
  22  1:58  Probe (Chrono Boost), Pylon  
  23  2:05  Warp Gate  
  23  2:16  Mothership Core, Adept (Chrono Boost)  
  27  2:37  Probe  
  27  2:40  Adept (Chrono Boost)  
  30  2:48  Stargate  
  30  2:50  Probe  
  31  2:52  Probe  
  32  3:02  Probe x2  
  32  3:14  Probe x2 (Chrono Boost)  
  34  3:25  Probe x2 (Chrono Boost)  
  36  3:28  Gateway  
  36  3:33  Oracle (Chrono Boost)  
  39  3:34  Probe (Chrono Boost)  
  39  3:35  Probe  
  41  3:44  Probe  
  41  3:47  Probe  
  43  3:49  Pylon  
  43  3:55  Probe  
  43  4:00  Probe, Assimilator  
  45  4:05  Probe  
  46  4:12  Probe  
  46  4:15  Assimilator  
  46  4:16  Probe  
  47  4:18  Gateway  
  47  4:21  Pylon x2  
  47  4:24  Probe  
  51  4:26  Probe  
  50  4:36  Probe  
  50  4:37  Probe  
  52  4:48  Probe x2  
  54  4:52  Forge  
  54  4:53  Nexus  
  54  4:56  Pylon  
  54  4:58  Probe, Twilight Council  
  54  5:00  Probe (Chrono Boost)  
  54  5:06  Sentry x2  
  57  5:08  Pylon  
  57  5:10  Probe (Chrono Boost)  
  57  5:12  Probe (Chrono Boost), Protoss Ground Weapons Level 1 (Chrono Boost)  
  59  5:17  Pylon  
  59  5:20  Gateway  
  59  5:21  Probe (Chrono Boost)  
  60  5:22  Gateway, Probe (Chrono Boost)  
  60  5:27  Sentry  
  63  5:29  Sentry  
  63  5:30  Sentry  
  63  5:32  Probe  
  63  5:33  Probe  
  63  5:35  Blink (Chrono Boost)  
  69  5:43  Gateway, Pylon  
  69  5:44  Probe  
  69  5:45  Probe  
  71  5:53  Robotics Facility  
  71  5:54  Pylon  
  71  5:56  Probe  
  72  5:59  Probe  
  73  6:04  Probe  
  73  6:08  Probe  
  73  6:09  Pylon  
  75  6:12  Probe  
  75  6:15  Probe  
  75  6:18  Photon Cannon  
  77  6:20  Probe  
  77  6:22  Assimilator  
  77  6:23  Assimilator  
  78  6:28  Pylon  
  78  6:29  Gateway  
  78  6:31  Gateway  
  78  6:33  Gateway  
  78  6:38  Stalker x4  
  86  6:41  Observer  
  87  6:53  Stalker x2  
  91  6:54  Robotics Bay  
  91  6:57  Probe x2  
  87  7:12  Stalker  
  87  7:15  Stalker x3  
  86  7:16  Stalker  
  86  7:21  Immortal (Chrono Boost)  
  86  7:24  Stalker x2  
  86  7:25  Stalker x2  
  83  7:36  Stalker x2  
  69  7:50  Stalker  
  69  7:51  Stalker x2  
  63  7:57  Stalker x3  
Tags
 
Add a new tag
Caveats
  • Supply blocks, unpowered buildings, or Contaminate may cause inaccurate times.
  • Supply counts are checked every 10 seconds.